 Dungeon Crawl Stone Soup version 0.22-a0-283-g1871b15 (webtiles) character file.

9 mhoghedin the Gusty (level 2, 0/15 HPs)
             Began as a Tengu Air Elementalist on Mar 19, 2018.
             Slain by a gnoll (6 damage)
             ... on level 1 of the Dungeon.
             The game lasted 00:02:22 (263 turns).

mhoghedin the Gusty (Tengu Air Elementalist)         Turns: 263, Time: 00:02:24

Health: 0/15       AC:  2    Str:  8    XL:     2   Next: 16%
Magic:  3/6        EV: 12    Int: 15    God:
Gold:   0          SH:  0    Dex: 14    Spells: 4/5 levels left

rFire    . . .     SeeInvis .   b - +0 dagger
rCold    . . .     Gourm    .   (no shield)
rNeg     . . .     Faith    .   a - +0 robe
rPois    .         Spirit   .   (helmet restricted)
rElec    .         Reflect  .   (no cloak)
rCorr    .         Harm     .   (no gloves)
MR       .....                  (boots unavailable)
Stlth    ++........             (no amulet)
HPRegen  0.05/turn              (no ring)
MPRegen  0.10/turn              (no ring)

@: no status effects
A: beak, talons 3
a: no special abilities


You were on level 1 of the Dungeon.
You were not hungry.

You visited 1 branch of the dungeon, and saw 1 of its levels.

Inventory:

Hand Weapons
 b - a +0 dagger (weapon)
   (You took it off a goblin on level 1 of the Dungeon)
Armour
 a - a +0 robe (worn)
Scrolls
 d - a scroll of random uselessness {unknown}
 e - a scroll of blinking {unknown}
 f - a scroll of identify {unknown}
Potions
 g - a potion of lignification {unknown}
 h - a potion of curing {unknown}
 i - a potion of agility {unknown}
Comestibles
 c - a ration


   Skills:
 - Level 2.1 Dodging
 - Level 2.0 Stealth
 - Level 2.0 Spellcasting
 + Level 2.2 Conjurations
 + Level 4.4 Air Magic


You had 4 spell levels left.
You knew the following spells:

 Your Spells              Type           Power        Failure   Level  Hunger
a - Shock                 Conj/Air       ##..         5%          1    #......


Dungeon Overview and Level Annotations

Branches:
Dungeon (1/15)

Altars:


Innate Abilities, Weirdness & Mutations

You have a beak for a mouth.
You have claws for feet.


Message History

That's the wrong kind of item! (Use * to select it.) Wield which item (- for none, * to show all)? (? for menu, Esc to quit)
That's the wrong kind of item! (Use * to select it.) Wield which item (- for none, * to show all)? (? for menu, Esc to quit)
b - a +0 dagger (weapon)
You start resting.
Your magical contamination has completely faded away.
You regained 3 mp, and now have 3/4 mp.
h - a tomahawk You see here a bat corpse.
Found a stone staircase leading down.
MP restored: 4
i - a bubbling cyan potion You drop a club.
A goblin comes into view. It is wielding a club.
A goblin is nearby!
Throwing (i - inventory)
h - a tomahawk (quivered)
Aim: a goblin, wielding a club (resting)
You throw a tomahawk. The tomahawk hits the goblin.
The goblin shouts!
You hear a bark!
The zap hits the goblin.
You kill the goblin!
Your Conjurations skill increases to level 2!
You now have 3/4 mp.
You start resting.
MP restored: 4 A hobgoblin comes into view.
A hobgoblin is nearby!
Firing (i - inventory) No suitable missiles.
Aim: a hobgoblin (hasn't noticed you)
Okay, then.
Aim: a hobgoblin (hasn't noticed you)
The zap hits the hobgoblin.
You kill the hobgoblin!
You have reached level 2!
Health restored: 15 You start resting.
MP restored: 6
g - a pink potion
Found a stone staircase leading down.
h - a smoky purple potion A gnoll comes into view.
You see here a tomahawk.
A gnoll is nearby!
Firing (i - inventory) No suitable missiles.
Aim: a gnoll (hasn't noticed you)
Okay, then.
What are your orders? t - Shout!
Orders for allies: a - Attack new target. p - Attack previous target. r - Retreat! s - Stop attacking. g - Guard the area. f - Follow me.
Anything else - Cancel.
You shout for attention!
The gnoll shouts!
You hear a shout!
You hear a bark!
You hear a shout!
A kobold comes into view. It is wielding a club.
The kobold throws a stone.
The stone closely misses you.
Things that are here:
a stone; a club What are your orders? t - Shout!
Orders for allies: a - Attack new target. p - Attack previous target. r - Retreat! s - Stop attacking. g - Guard the area. f - Follow me.
Anything else - Cancel.
You shout for attention!
You hear a bark!
A jackal comes into view.
The jackal barely misses you.
You see here a hobgoblin corpse.
The jackal bites you.
You see here a bat corpse.
You take 3 damage, and have 12/15 hp.
Unknown command.
The jackal closely misses you. The jackal closely misses you.
The jackal misses you.
Okay, then.
Unknown command.
The jackal bites you.
You take 2 damage, and have 10/15 hp.
The zap hits the jackal.
The jackal closely misses you. The jackal misses you.
You now have 5/6 mp.
The zap hits the jackal.
You kill the jackal!
You now have 4/6 mp.
The zap hits the gnoll.
The zap hits the kobold. x2
You kill the kobold!
The gnoll hits you.
You take 5 damage, and have 6/15 hp.
MASSIVE DAMAGE!!
You now have 3/6 mp.
The gnoll closely misses you.
Okay, then.
Unknown command.
Unknown command.
Okay, then.
Unknown command.
The zap hits the gnoll.
The gnoll appears unharmed.
The zap hits the gnoll.
The gnoll hits you.
You die...

.##.........# ###.#.#####)...#
.###.......####...#.# ##.###
.##.............###÷# #.#
.##....>.)...#### #.######.#####
.#...........# #†#..........#
............## #.#..........#
............# #.#..........#
((##.......########.#..........#
.#..............@g..#..........#
..........♣♣♣♣♣♣♣♣♣............#
.##...####♣.......♣............#
.####.# ♣.PPPPP.♣.#..........#
.. .... ♣.P≈≈≈P.♣.#........(.#
## ##..## ♣.P≈8≈P.♣............
.... ♣.P≈≈≈P...########## .....
♣.PPPPP♣♣.# ♣......<♣.#


You could see a gnoll.

Vanquished Creatures
  2 goblins (D:1)
  2 hobgoblins (D:1)
  A jackal (D:1)
  A kobold (D:1)
  2 bats (D:1)
8 creatures vanquished.

Notes
Turn   | Place    | Note
-------+----------+-------------------------------------------
     0 | D:1      | mhoghedin the Tengu Air Elementalist began the quest for the Orb.
     0 | D:1      | Reached XP level 1. HP: 10/10 MP: 4/4
   161 | D:1      | Reached skill level 2 in Conjurations
   177 | D:1      | Reached XP level 2. HP: 15/15 MP: 4/6
   263 | D:1      | Slain by a gnoll

Vault maps used:
D:1:      tarquinn_simple_flora_water_a, minmay_misc_feat_iff

Skill      XL: |  1 |
---------------+----+-----
Conjurations   | 2 |  2.2
Dodging        | |  2.1
Stealth        | |  2.0
Spellcasting   | |  2.0
Air Magic      | |  4.4

Action                   || total
-------------------------++-------
Throw: Tomahawk          ||     3
 Cast: Shock             ||    13
Armor: Robe              ||     2
Dodge: Dodged            ||    12

Table legend:
 A = Spawn XP
 B = Non-spawn XP
 C = Spawn XP percentage of total XP
 D = Spawn monster count
 E = Non-spawn monster count
 F = Spawn count percentage of total count
 G = Total turns spent on level
                    A         B        C        D         E        F      G
               +---------+---------+-------+---------+---------+-------+---------
         Total |       0 |      14 |   0.0 |       0 |       8 |   0.0 |   263
               +---------+---------+-------+---------+---------+-------+---------
           D:1 |       0 |      14 |   0.0 |       0 |       8 |   0.0 |   263
               +---------+---------+-------+---------+---------+-------+---------

Vault maps used:
D:1:      tarquinn_simple_flora_water_a, minmay_misc_feat_iff

Table legend:
 A = Turns spent in this place as a percentage of turns spent in the entire game.
 B = Non-inter-level travel turns spent in this place as a percentage of non-inter-level travel turns spent in the entire game.
 C = Inter-level travel turns spent in this place as a percentage of turns spent in this place.
 D = Turns resting spent in this place as a percentage of non-inter-level travel turns spent in this place.
 E = Turns spent auto-exploring this place as a percentage of non-inter-level travel turns spent in this place.
 F = Non-inter-level travel turns spent in this place divided by the number of levels of this place that you've seen.
                   A       B       C       D       E      F
               +-------+-------+-------+-------+-------+----------------------
         Total | 100.0 | 100.0 |   0.0 |  26.2 |  27.4 | 263.0
       Dungeon | 100.0 | 100.0 |   0.0 |  26.2 |  27.4 | 263.0
               +-------+-------+-------+-------+-------+----------------------

Table legend:
 A = Kills in this place as a percentage of kills in entire the game.
 B = Kills by you in this place as a percentage of kills by you in the entire game.
 C = Kills by friends in this place as a percentage of kills by friends in the entire game.
 D = Other kills in this place as a percentage of other kills in the entire game.
 E = Experience gained in this place as a percentage of experience gained in the entire game.
 F = Experience gained in this place divided by the number of levels of this place that you have seen.
                   A       B       C       D       E      F
               +-------+-------+-------+-------+-------+----------------------
         Total | 100.0 | 100.0 |   N/A |   N/A | 100.0 |  14.0
       Dungeon | 100.0 | 100.0 |   N/A |   N/A | 100.0 |  14.0
               +-------+-------+-------+-------+-------+----------------------
